[Event "Kupreichik Memorial Open 2018"]
[Site "Minsk"]
[Date "2018.06.21"]
[Round "1"]
[White "Nikitenko, Mihail"]
[Black "Tkachou, Viktar"]
[Result "1-0"]
[ECO "B41"]
[WhiteElo "2401"]
[BlackElo "1791"]
[Annotator "NA"]
[PlyCount "48"]
[EventDate "2018.06.21"]
[EventCountry "BLR"]
[SourceTitle "playchess.com"]
[Source "ChessBase"]
[SourceQuality "1"]
[TimeControl "900+10"]

1. e4 c5 2. Nf3 e6 3. d4 cxd4 4. Nxd4 a6 5. c4 d6 6. Nc3 Nf6 7. Be3 Be7 8. Be2 O-O 9. O-O Qc7 10. Rc1 b6 11. f3 Bb7 12. a3 Nbd7 13. b4 Rac8 14. Nb3 Qb8 15. Qd2 Qa8 16. Rfd1 Rfe8 17. Bf4 Ne5 18. Bxe5 dxe5 19. Qe3 a5 20. Na4 axb4 21. Nxb6 Qa7 22. axb4 Bxb4 23. Ra1 Bc5 24. Qxc5 Ra8 1-0

[Event "Kupreichik Memorial Open 2018"]
[Site "Minsk"]
[Date "2018.06.21"]
[Round "1"]
[White "Zhukova, Natalia"]
[Black "Mialik, Uladzislau"]
[Result "1-0"]
[ECO "A10"]
[WhiteElo "2356"]
[BlackElo "1768"]
[Annotator "NA"]
[PlyCount "58"]
[EventDate "2018.06.21"]
[EventCountry "BLR"]
[SourceTitle "playchess.com"]
[Source "ChessBase"]
[SourceQuality "1"]
[TimeControl "900+10"]

1. c4 g6 2. e4 Bg7 3. d4 d6 4. Nc3 e5 5. Nge2 exd4 6. Nxd4 Ne7 7. h4 Nbc6 8. Be3 h6 9. Qd2 f5 10. Nxc6 Nxc6 11. O-O-O fxe4 12. Nxe4 Bf5 13. Ng3 Qf6 14. Nxf5 gxf5 15. g3 O-O-O 16. Bg2 Rhe8 17. Qc2 f4 18. gxf4 Re7 19. Rd2 Rde8 20. Qa4 Nb8 21. Qxa7 c6 22. Bh3+ Nd7 23. Rhd1 Qf7 24. Rc2 Re6 25. Bxe6 Rxe6 26. Qa3 Kc7 27. Kb1 h5 28. Rcd2 Qf6 29. Qa5+ Kc8 1-0

[Event "Kupreichik Memorial Open 2018"]
[Site "Minsk"]
[Date "2018.06.21"]
[Round "1"]
[White "Kalugin, Sergey G"]
[Black "Kolosovskaya, Olga"]
[Result "1-0"]
[ECO "B40"]
[WhiteElo "2334"]
[BlackElo "1747"]
[Annotator "NA"]
[PlyCount "75"]
[EventDate "2018.06.21"]
[EventCountry "BLR"]
[SourceTitle "playchess.com"]
[Source "ChessBase"]
[SourceQuality "1"]
[TimeControl "900+10"]

1. e4 c5 2. Nf3 e6 3. d4 cxd4 4. Nxd4 Nf6 5. Bd3 Nc6 6. Nxc6 bxc6 7. O-O d5 8. Nd2 Be7 9. c4 O-O 10. Qe2 Bb7 11. b3 a5 12. Bb2 a4 13. Rfd1 a3 14. Be5 Nd7 15. Bg3 d4 16. Nf3 c5 17. e5 g6 18. Be4 Qb6 19. h4 h5 20. Bf4 Kg7 21. Bg5 Bxg5 22. Nxg5 Rae8 23. Nf3 Nb8 24. Rac1 Na6 25. Ng5 Nb4 26. Rd2 Bc6 27. Qf3 Bxe4 28. Nxe4 Qc7 29. Qf6+ Kg8 30. Qg5 Kg7 31. Nf6 Re7 32. Nxh5+ Kh7 33. Nf6+ Kg7 34. Re1 Nc6 35. Rd3 Nb4 36. Rg3 d3 37. h5 d2 38. Qxd2 1-0

[Event "Kupreichik Memorial Open 2018"]
[Site "Minsk"]
[Date "2018.06.21"]
[Round "1"]
[White "Nomin-Erdene, Davaademberel"]
[Black "Shvedau, Mikhail"]
[Result "1-0"]
[ECO "B01"]
[WhiteElo "2312"]
[BlackElo "1742"]
[Annotator "NA"]
[PlyCount "97"]
[EventDate "2018.06.21"]
[EventCountry "BLR"]
[SourceTitle "playchess.com"]
[Source "ChessBase"]
[SourceQuality "1"]
[TimeControl "900+10"]

1. e4 d5 2. exd5 Qxd5 3. Nc3 Qd6 4. d4 Nf6 5. Nf3 Bg4 6. Be2 e6 7. h3 Bh5 8. g4 Bg6 9. Ne5 Nd5 10. Nb5 Qd8 11. Nxg6 hxg6 12. c4 Nf6 13. Bf4 Bb4+ 14. Bd2 Bxd2+ 15. Qxd2 c6 16. Nc3 Nbd7 17. O-O-O Nb6 18. g5 Nh5 19. d5 cxd5 20. cxd5 e5 21. Rhe1 O-O 22. Qe3 Re8 23. Bxh5 gxh5 24. Rg1 g6 25. Ne4 Nd7 26. Kb1 Qe7 27. Qf3 Kg7 28. Rc1 Rac8 29. h4 b6 30. Rc3 Rxc3 31. Qxc3 Nc5 32. Nf6 Rc8 33. f4 Qb7 34. Qxe5 Kf8 35. Re1 Nd3 36. Qe8+ Kg7 37. Qe2 Nxe1 38. Qxe1 Qc7 39. Qd2 Qc4 40. b3 Qf1+ 41. Kb2 Qf3 42. d6 Rd8 43. d7 Qc6 44. Qd4 Qg2+ 45. Ka3 Kf8 46. Qd6+ Kg7 47. Ne8+ Kg8 48. Qe7 Qd5 49. Nf6+ 1-0

[Event "Kupreichik Memorial Open 2018"]
[Site "Minsk"]
[Date "2018.06.21"]
[Round "1"]
[White "Terletsky, Oleg"]
[Black "Bezenson, Anton"]
[Result "1-0"]
[ECO "C09"]
[WhiteElo "2268"]
[BlackElo "1732"]
[Annotator "NA"]
[PlyCount "119"]
[EventDate "2018.06.21"]
[EventCountry "BLR"]
[SourceTitle "playchess.com"]
[Source "ChessBase"]
[SourceQuality "1"]
[TimeControl "900+10"]

1. e4 e6 2. d4 d5 3. Nd2 c5 4. Ngf3 Nc6 5. exd5 exd5 6. Bb5 Nf6 7. O-O Be7 8. dxc5 Bxc5 9. Nb3 Be7 10. Ne5 Bd7 11. Nxd7 Qxd7 12. Nd4 O-O 13. Bg5 a6 14. Bxc6 bxc6 15. Qf3 Ne4 16. Bxe7 Qxe7 17. Rad1 Rfe8 18. Nxc6 Qc5 19. Nd4 Rab8 20. b3 Nc3 21. Rd3 Nxa2 22. Nf5 Nb4 23. Qg4 Qf8 24. Rf3 Rb7 25. Nh6+ Kh8 26. Nxf7+ Rxf7 27. Rxf7 Qxf7 28. Qxb4 h6 29. Re1 Rc8 30. Qd2 Qf5 31. Re2 Kh7 32. h3 Rc6 33. Kh2 Rc8 34. c3 Rb8 35. b4 Rc8 36. Re3 Rf8 37. Qd3 Qxd3 38. Rxd3 Rf5 39. Kg3 Kg8 40. h4 h5 41. Rd4 g5 42. f3 Kf7 43. hxg5 Rxg5+ 44. Kf4 Kf6 45. g4 Re5 46. gxh5 Rxh5 47. Rd2 Re5 48. Rh2 Rf5+ 49. Ke3 Kg5 50. Rg2+ Kf6 51. f4 Rh5 52. Kd4 Rf5 53. Rg4 Rh5 54. Rg8 Rh4 55. Kxd5 Rh3 56. c4 Rb3 57. Kc5 Kf5 58. Rf8+ Ke6 59. f5+ Ke7 60. Ra8 1-0

[Event "Kupreichik Memorial Open 2018"]
[Site "Minsk"]
[Date "2018.06.21"]
[Round "1"]
[White "Ten, Alexander"]
[Black "Beliuga, Mikhail"]
[Result "1/2-1/2"]
[ECO "B18"]
[WhiteElo "2265"]
[BlackElo "1699"]
[Annotator "NA"]
[PlyCount "70"]
[EventDate "2018.06.21"]
[EventCountry "BLR"]
[SourceTitle "playchess.com"]
[Source "ChessBase"]
[SourceQuality "1"]
[TimeControl "900+10"]

1. e4 c6 2. d4 d5 3. Nc3 dxe4 4. Nxe4 Bf5 5. Ng3 Bg6 6. Nf3 Nd7 7. Bd3 Bxd3 8. Qxd3 e6 9. Bf4 Qa5+ 10. c3 Ngf6 11. O-O Be7 12. Rfe1 O-O 13. Nf5 Rfe8 14. Nxe7+ Rxe7 15. c4 Rd8 16. Qc2 Nf8 17. Bg5 Qc7 18. Rad1 Red7 19. Bxf6 gxf6 20. Qe4 Ng6 21. g3 e5 22. d5 cxd5 23. Rxd5 Rxd5 24. cxd5 Qd7 25. Rd1 f5 26. Qe3 e4 27. Nh4 Qa4 28. b3 Qxa2 29. Nxf5 Qc2 30. Qd4 Kf8 31. d6 Ne5 32. Kg2 Qxb3 33. Qxe5 Qf3+ 34. Kh3 Qh5+ 35. Kg2 Qf3+ 1/2-1/2

[Event "Kupreichik Memorial Open 2018"]
[Site "Minsk"]
[Date "2018.06.21"]
[Round "1"]
[White "Rakhmangulova, Anastasiya"]
[Black "Yurau, Maksim"]
[Result "1-0"]
[ECO "B83"]
[WhiteElo "2244"]
[BlackElo "1694"]
[Annotator "NA"]
[PlyCount "63"]
[EventDate "2018.06.21"]
[EventCountry "BLR"]
[SourceTitle "playchess.com"]
[Source "ChessBase"]
[SourceQuality "1"]
[TimeControl "900+10"]

1. e4 c5 2. Nf3 e6 3. d4 cxd4 4. Nxd4 Nf6 5. Nc3 d6 6. Be2 Be7 7. O-O O-O 8. Be3 a6 9. f4 Qc7 10. Bf3 Nc6 11. Qe1 Nxd4 12. Bxd4 e5 13. Be3 b5 14. a3 Bb7 15. f5 Rac8 16. Rd1 Qc4 17. Bg5 Rfd8 18. Rd3 Rd7 19. g4 a5 20. b3 Qc6 21. Rf2 b4 22. axb4 axb4 23. Nd5 Nxd5 24. exd5 Qb6 25. Be3 Qa5 26. g5 Rdc7 27. Rdd2 Qa2 28. Be4 Rc3 29. f6 Bf8 30. fxg7 Bxg7 31. Rfe2 Rf8 32. Qh4 1-0

[Event "Kupreichik Memorial Open 2018"]
[Site "Minsk"]
[Date "2018.06.21"]
[Round "1"]
[White "Cherepov, Alexej"]
[Black "Selitski, Aleksandr"]
[Result "1-0"]
[ECO "D15"]
[WhiteElo "2234"]
[BlackElo "1678"]
[Annotator "NA"]
[PlyCount "61"]
[EventDate "2018.06.21"]
[EventCountry "BLR"]
[SourceTitle "playchess.com"]
[Source "ChessBase"]
[SourceQuality "1"]
[TimeControl "900+10"]

1. d4 d5 2. c4 c6 3. Nc3 Nf6 4. Nf3 a6 5. a4 Bf5 6. Qb3 Ra7 7. a5 e6 8. e3 Nbd7 9. Be2 Bd6 10. O-O O-O 11. Nh4 Ng4 12. g3 Nxh2 13. Nxf5 Nxf1 14. Nxd6 Nxg3 15. fxg3 dxc4 16. Nxc4 Qg5 17. Kg2 e5 18. Bd2 exd4 19. exd4 Qf6 20. Be3 Re8 21. Rf1 Qe7 22. Bf4 Nf6 23. Bg5 Qe6 24. Bxf6 gxf6 25. Bd3 b5 26. axb6 Rb7 27. Ne4 f5 28. Ned6 Qd5+ 29. Rf3 Re3 30. Qd1 Rb8 31. Nxe3 1-0

[Event "Kupreichik Memorial Open 2018"]
[Site "Minsk"]
[Date "2018.06.21"]
[Round "1"]
[White "Osmolny, Vladimir I"]
[Black "Sukalina, Alina"]
[Result "1-0"]
[ECO "A13"]
[WhiteElo "2163"]
[BlackElo "1673"]
[Annotator "NA"]
[PlyCount "113"]
[EventDate "2018.06.21"]
[EventCountry "BLR"]
[SourceTitle "playchess.com"]
[Source "ChessBase"]
[SourceQuality "1"]
[TimeControl "900+10"]

1. c4 e6 2. Nf3 Nf6 3. g3 d5 4. Bg2 c6 5. O-O Be7 6. b3 Nbd7 7. Bb2 O-O 8. d3 Qc7 9. Nbd2 b6 10. Rc1 Bb7 11. cxd5 exd5 12. a3 Rac8 13. b4 Qb8 14. d4 Rfe8 15. h3 Bd6 16. Nh2 Nf8 17. Ng4 Nxg4 18. hxg4 Ng6 19. Rc3 Ba6 20. Re1 Rc7 21. Nf1 Bb5 22. Ne3 Rce7 23. Bc1 a5 24. Qb3 axb4 25. axb4 Nf8 26. Bf3 g6 27. Qc2 Ne6 28. Rd1 Ng5 29. Qb3 Ne4 30. Bxe4 Rxe4 31. Kg2 Bxe2 32. Rh1 Bb5 33. Qb2 Kg7 34. Qd2 h5 35. gxh5 Rh8 36. h6+ Kf8 37. Rb3 Ba4 38. Rb1 Qe8 39. Ra1 b5 40. Rh3 Rh7 41. Ra3 Qe7 42. Ra2 Bxb4 43. Qd3 Bd6 44. Bd2 f5 45. Qc3 Qe8 46. Ra1 Kg8 47. Rc1 Rc7 48. h7+ Kh8 49. Nf1 b4 50. Qb2 Bb5 51. Bg5 Re1 52. Bf6+ Rg7 53. Rxe1 Qxe1 54. Bxg7+ Kxg7 55. h8=Q+ Kf7 56. Rh7+ Ke6 57. Qe8+ 1-0

[Event "Kupreichik Memorial Open 2018"]
[Site "Minsk"]
[Date "2018.06.21"]
[Round "1"]
[White "Kuznetsov, Mikhail V"]
[Black "Ustiugov, Boris"]
[Result "1-0"]
[ECO "D10"]
[WhiteElo "2162"]
[BlackElo "1614"]
[Annotator "NA"]
[PlyCount "51"]
[EventDate "2018.06.21"]
[EventCountry "BLR"]
[SourceTitle "playchess.com"]
[Source "ChessBase"]
[SourceQuality "1"]
[TimeControl "900+10"]

1. d4 Nf6 2. Nf3 d5 3. c4 c6 4. cxd5 cxd5 5. Nc3 a6 6. Bf4 e6 7. e3 Bd6 8. Bxd6 Qxd6 9. Ne5 Nc6 10. f4 b5 11. Bd3 Bb7 12. O-O Rc8 13. Rc1 O-O 14. Kh1 Na7 15. Qf3 g6 16. f5 exf5 17. Bxf5 Ne4 18. Bxc8 Bxc8 19. Nxe4 dxe4 20. Qxe4 Be6 21. Qb7 Nc8 22. Nxf7 Bxf7 23. Rxc8 Rxc8 24. Qxc8+ Kg7 25. Qb7 g5 26. Qxf7+ 1-0

[Event "Kupreichik Memorial Open 2018"]
[Site "Minsk"]
[Date "2018.06.21"]
[Round "1"]
[White "Katashuk, Uladzislau"]
[Black "Halouchyts, Karalina"]
[Result "1-0"]
[ECO "B07"]
[WhiteElo "2149"]
[BlackElo "1603"]
[Annotator "NA"]
[PlyCount "36"]
[EventDate "2018.06.21"]
[EventCountry "BLR"]
[SourceTitle "playchess.com"]
[Source "ChessBase"]
[SourceQuality "1"]
[TimeControl "900+10"]

1. e4 d6 2. d4 Nf6 3. Nc3 Nbd7 4. h3 e5 5. Nge2 c6 6. Be3 g6 7. Qd2 Bg7 8. g4 h6 9. Bg2 Qc7 10. O-O exd4 11. Nxd4 Ne5 12. b3 g5 13. Rad1 Bf8 14. f4 gxf4 15. Rxf4 Ng8 16. Nf5 Bxf5 17. exf5 Nf6 18. Qf2 b6 1-0

[Event "Kupreichik Memorial Open 2018"]
[Site "Minsk"]
[Date "2018.06.21"]
[Round "1"]
[White "Vashchilov, Sergey"]
[Black "Drobyshevsky, Vasily"]
[Result "1-0"]
[ECO "A48"]
[WhiteElo "2122"]
[BlackElo "1551"]
[Annotator "NA"]
[PlyCount "91"]
[EventDate "2018.06.21"]
[EventCountry "BLR"]
[SourceTitle "playchess.com"]
[Source "ChessBase"]
[SourceQuality "1"]
[TimeControl "900+10"]

1. d4 Nf6 2. Nf3 g6 3. Bf4 d6 4. e3 Bg7 5. h3 O-O 6. Bd3 Nbd7 7. O-O Qe8 8. Bh2 e5 9. Bb5 c6 10. Be2 Qe7 11. c4 e4 12. Nfd2 d5 13. Nc3 b6 14. cxd5 cxd5 15. Nb5 Ne8 16. Qb3 Bb7 17. Rac1 Ndf6 18. Rc2 Ba6 19. Rfc1 Bxb5 20. Bxb5 Nd6 21. Bc6 Rac8 22. Bxd5 Rxc2 23. Rxc2 Rc8 24. Bxd6 Qxd6 25. Rxc8+ Bf8 26. Nxe4 Nxe4 27. Bxe4 Qd7 28. Rb8 Qc7 29. Rb7 Qc1+ 30. Kh2 Bd6+ 31. g3 Bxg3+ 32. fxg3 Qd2+ 33. Bg2 Qf2 34. Rxf7 Qxf7 35. Bd5 Qxd5 36. Qxd5+ Kg7 37. g4 a5 38. g5 b5 39. Qd7+ Kf8 40. Qxh7 b4 41. Qxg6 b3 42. axb3 a4 43. bxa4 Ke7 44. Qf6+ Kd7 45. g6 Kc7 46. g7 1-0

[Event "Kupreichik Memorial Open 2018"]
[Site "Minsk"]
[Date "2018.06.21"]
[Round "1"]
[White "Sirotkina, Nina"]
[Black "Korniichuk, Fedir"]
[Result "1-0"]
[ECO "A45"]
[WhiteElo "2116"]
[BlackElo "1568"]
[Annotator "NA"]
[PlyCount "59"]
[EventDate "2018.06.21"]
[EventCountry "BLR"]
[SourceTitle "playchess.com"]
[Source "ChessBase"]
[SourceQuality "1"]
[TimeControl "900+10"]

1. d4 Nf6 2. Bf4 e6 3. Nd2 d5 4. e3 Be7 5. Bd3 O-O 6. Ngf3 c5 7. c3 Nc6 8. O-O b6 9. Ne5 Bb7 10. Qe2 c4 11. Bc2 Rc8 12. e4 Re8 13. Nxc6 Bxc6 14. e5 Nd7 15. Qg4 Kh8 16. Rfe1 Nf8 17. Re3 Ng6 18. Rh3 Kg8 19. Qh5 h6 20. Bxg6 fxg6 21. Qxg6 Bg5 22. Rg3 Qe7 23. Bxg5 hxg5 24. Rh3 Rf8 25. Nf3 Rxf3 26. Qh7+ Kf7 27. Rxf3+ Ke8 28. Qg6+ Kd8 29. Rf7 Qe8 30. Qxg5+ 1-0

[Event "Kupreichik Memorial Open 2018"]
[Site "Minsk"]
[Date "2018.06.21"]
[Round "1"]
[White "Runets, Ivan"]
[Black "Boiko, Aleksei"]
[Result "1-0"]
[ECO "B02"]
[WhiteElo "2027"]
[BlackElo "1526"]
[Annotator "NA"]
[PlyCount "83"]
[EventDate "2018.06.21"]
[EventCountry "BLR"]
[SourceTitle "playchess.com"]
[Source "ChessBase"]
[SourceQuality "1"]
[TimeControl "900+10"]

1. e4 Nf6 2. Nc3 d5 3. exd5 Nxd5 4. Nf3 Nc6 5. Be2 Nxc3 6. bxc3 g6 7. O-O Bg7 8. d4 O-O 9. Rb1 b6 10. Bf4 Bb7 11. Re1 Re8 12. d5 Na5 13. c4 e6 14. dxe6 Rxe6 15. Qxd8+ Rxd8 16. Red1 Rxd1+ 17. Rxd1 Kf8 18. Kf1 Ke8 19. Bxc7 Ba6 20. Rd8+ Ke7 21. Rg8 Bf6 22. Bd8+ Kd6 23. Bxf6 Rxf6 24. Nd2 Ke5 25. Nf3+ Kd6 26. c5+ Kxc5 27. Bxa6 b5 28. Bc8 Kb4 29. Rd8 Rc6 30. Nd4 Rc4 31. a3+ Kc5 32. Nb3+ Kb6 33. Rd6+ Kc7 34. Nxa5 Rxc2 35. Rd7+ Kxc8 36. Rxa7 Rc3 37. Rxf7 Rxa3 38. Nc6 Rc3 39. Na7+ Kd8 40. Nxb5 Rb3 41. Nd4 Rd3 42. Nf3 1-0

[Event "Kupreichik Memorial Open 2018"]
[Site "Minsk"]
[Date "2018.06.21"]
[Round "1"]
[White "Stroganova, Karina"]
[Black "Meshkov, Yuri A"]
[Result "0-1"]
[ECO "A46"]
[WhiteElo "1776"]
[BlackElo "2375"]
[Annotator "NA"]
[PlyCount "82"]
[EventDate "2018.06.21"]
[EventCountry "BLR"]
[SourceTitle "playchess.com"]
[Source "ChessBase"]
[SourceQuality "1"]
[TimeControl "900+10"]

1. d4 Nf6 2. Nf3 c5 3. c4 cxd4 4. Nxd4 e5 5. Nf3 e4 6. Nd4 Nc6 7. g3 Qb6 8. Nxc6 Bc5 9. e3 dxc6 10. Bg2 h5 11. Nc3 Qb4 12. Qe2 Bg4 13. Qc2 Qxc4 14. b3 Qe6 15. Bb2 Bf3 16. Bxf3 exf3 17. O-O-O O-O 18. Kb1 Rfd8 19. Nb5 Bb6 20. Nd4 Bxd4 21. Rxd4 Rxd4 22. Bxd4 Ne4 23. Rd1 c5 24. Bb2 b6 25. Rd3 Re8 26. Rd1 f6 27. Rc1 Rd8 28. Rd1 Rxd1+ 29. Qxd1 Nxf2 30. Qxf3 Qe4+ 31. Qxe4 Nxe4 32. Kc2 Kf7 33. Kd3 Nd6 34. e4 Ke6 35. h3 Nf7 36. g4 hxg4 37. hxg4 Ne5+ 38. Ke3 Nxg4+ 39. Kf4 Nf2 40. Bc3 g5+ 41. Ke3 Nd1+ 0-1

[Event "Kupreichik Memorial Open 2018"]
[Site "Minsk"]
[Date "2018.06.21"]
[Round "1"]
[White "Papunidi, Matvey"]
[Black "Barskij, Vladimir"]
[Result "1-0"]
[ECO "B80"]
[WhiteElo "1751"]
[BlackElo "2352"]
[Annotator "NA"]
[PlyCount "131"]
[EventDate "2018.06.21"]
[EventCountry "BLR"]
[SourceTitle "playchess.com"]
[Source "ChessBase"]
[SourceQuality "1"]
[TimeControl "900+10"]

1. e4 c5 2. Nf3 e6 3. d4 cxd4 4. Nxd4 Nf6 5. Nc3 d6 6. Bg5 h6 7. Bh4 Nc6 8. Qd2 Nxe4 9. Bxd8 Nxd2 10. Bb5 Bd7 11. Bh4 Nxd4 12. Bxd7+ Kxd7 13. Kxd2 Nf5 14. Bg3 Nxg3 15. hxg3 d5 16. a3 Be7 17. Ne2 Rac8 18. Rad1 Bg5+ 19. f4 Bf6 20. Kc1 Rc4 21. Kb1 Re4 22. Nc1 Rc8 23. Rhe1 Rcc4 24. Nb3 b6 25. c3 Rxe1 26. Rxe1 Re4 27. Rxe4 dxe4 28. Nd2 e3 29. Nf3 g5 30. Kc2 g4 31. Ng1 Kc6 32. Kd3 Kb5 33. Kxe3 Kc4 34. Kd2 a5 35. Kc2 a4 36. Ne2 Be7 37. Nd4 Bc5 38. Nc6 Kd5 39. Ne5 f5 40. Nd3 Be3 41. Kd1 Ke4 42. Ke2 b5 43. Ne5 Bc5 44. Nd3 Bd6 45. Nf2+ Kd5 46. Nd3 Kc4 47. Kd2 h5 48. Kc2 Kd5 49. Kd2 Bc7 50. Nb4+ Ke4 51. Nd3 Bb6 52. Ke2 Be3 53. Nb4 h4 54. gxh4 Bxf4 55. Nc6 Bc1 56. Na7 f4 57. Nxb5 Bxb2 58. c4 Bf6 59. h5 f3+ 60. gxf3+ gxf3+ 61. Kf2 Bh4+ 62. Kf1 e5 63. Nd6+ Kd3 64. c5 e4 65. Nxe4 Kxe4 66. c6 1-0

[Event "Kupreichik Memorial Open 2018"]
[Site "Minsk"]
[Date "2018.06.21"]
[Round "1"]
[White "Korniichuk, Oleksandra"]
[Black "Tihonov, Jurij"]
[Result "1/2-1/2"]
[ECO "B90"]
[WhiteElo "1740"]
[BlackElo "2385"]
[Annotator "NA"]
[PlyCount "185"]
[EventDate "2018.06.21"]
[EventCountry "BLR"]
[SourceTitle "playchess.com"]
[Source "ChessBase"]
[SourceQuality "1"]
[TimeControl "900+10"]

1. e4 c5 2. Nf3 d6 3. d4 cxd4 4. Nxd4 Nf6 5. Nc3 a6 6. Be3 e5 7. Nb3 Be7 8. Be2 O-O 9. O-O Be6 10. f3 Qc7 11. Nd5 Bxd5 12. exd5 Nbd7 13. c4 Rfe8 14. Qd3 a5 15. Rfd1 b6 16. Rac1 Bf8 17. Nd2 g6 18. Ne4 Bg7 19. Qd2 Nh5 20. Bh6 Nc5 21. Bxg7 Kxg7 22. Qe3 f5 23. Nxc5 bxc5 24. b3 Nf6 25. Qc3 h5 26. Rf1 h4 27. Bd3 h3 28. g3 Kf7 29. Rce1 Re7 30. Qd2 Kg7 31. Qg5 Nh7 32. Qh4 a4 33. Qxh3 Rf7 34. Qg2 Qb6 35. bxa4 Rxa4 36. g4 f4 37. h4 Qa5 38. Re2 Nf6 39. h5 g5 40. h6+ Kh8 41. Rb2 Rb4 42. Rfb1 Rfb7 43. Qc2 Qa3 44. Rb3 Rxb3 45. Rxb3 Rxb3 46. axb3 Qa1+ 47. Kg2 Qe1 48. Qf2 Qc3 49. Qc2 Qd4 50. Bf5 Qa1 51. Qb1 Qa5 52. Qc2 Qe1 53. Qf2 Qa1 54. Qc2 Qa3 55. Qb1 Ng8 56. h7 Nf6 57. Qc2 Kg7 58. Kf2 Qa1 59. Kg2 Ne8 60. Bd3 Nf6 61. Bf5 Qa8 62. Qb1 Qa5 63. Qc2 Kh8 64. Kf2 Qa7 65. Kg2 Qa5 66. Kf2 Kg7 67. Kg2 Qe1 68. Qf2 Qa1 69. Qc2 Qa3 70. Qb1 Qa5 71. Qc2 Qa1 72. Bd3 Qe1 73. Qf2 Qc3 74. Qc2 Qd4 75. Bf5 Qa1 76. Bd3 Qe1 77. Qf2 Qa1 78. Qc2 e4 79. Bxe4 Nd7 80. Bd3 Ne5 81. Be2 Qe1 82. Bd1 Qg3+ 83. Kf1 Qh3+ 84. Qg2 Qxg2+ 85. Kxg2 Kxh7 86. Bc2+ Kg7 87. Kf2 Kf6 88. Be4 Nd7 89. Ke2 Ke5 90. Kd3 Nb8 91. Kc3 Na6 92. Bf5 Nb4 93. Bb1 1/2-1/2

[Event "Kupreichik Memorial Open 2018"]
[Site "Minsk"]
[Date "2018.06.21"]
[Round "1"]
[White "Zagorskii, Artem"]
[Black "Zarubitski, Viachaslau"]
[Result "0-1"]
[ECO "B40"]
[WhiteElo "1705"]
[BlackElo "2265"]
[Annotator "NA"]
[PlyCount "60"]
[EventDate "2018.06.21"]
[EventCountry "BLR"]
[SourceTitle "playchess.com"]
[Source "ChessBase"]
[SourceQuality "1"]
[TimeControl "900+10"]

1. e4 c5 2. Nf3 e6 3. g3 Nc6 4. Bg2 Nf6 5. Nc3 a6 6. a4 Qc7 7. O-O Be7 8. d4 cxd4 9. Nxd4 h5 10. Nb3 h4 11. a5 d6 12. Be3 Ne5 13. Bb6 Qb8 14. Qe2 hxg3 15. hxg3 Bd7 16. Rad1 Qc8 17. Rd4 g5 18. Rc1 g4 19. Nd2 Bc6 20. Nc4 Nxc4 21. Rxc4 Nd7 22. Bd4 Rg8 23. Rd1 Qc7 24. b4 b5 25. axb6 Nxb6 26. Bxb6 Qxb6 27. Rcd4 a5 28. bxa5 Rxa5 29. Rb1 Qxd4 30. Rb8+ Bd8 0-1

[Event "Kupreichik Memorial Open 2018"]
[Site "Minsk"]
[Date "2018.06.21"]
[Round "1"]
[White "Tsvetkova, Vladislava"]
[Black "Tsigelnitskiy, Ilusha"]
[Result "0-1"]
[ECO "B41"]
[WhiteElo "1697"]
[BlackElo "2253"]
[Annotator "NA"]
[PlyCount "52"]
[EventDate "2018.06.21"]
[EventCountry "BLR"]
[SourceTitle "playchess.com"]
[Source "ChessBase"]
[SourceQuality "1"]
[TimeControl "900+10"]

1. e4 c5 2. Nf3 e6 3. d4 cxd4 4. Nxd4 a6 5. g3 Nf6 6. Bg2 d5 7. exd5 Nxd5 8. O-O Be7 9. c4 Nf6 10. Be3 O-O 11. Nc3 Qc7 12. Qe2 Bd7 13. a3 Nc6 14. b4 Rac8 15. Rfc1 Nxd4 16. Bxd4 Qxc4 17. Qd2 b5 18. Nd5 Nxd5 19. Rxc4 bxc4 20. Re1 Rfe8 21. Bxd5 exd5 22. Qf4 Bf8 23. Re5 c3 24. Rxd5 c2 25. Bb2 Re1+ 26. Kg2 Bc6 0-1

[Event "Kupreichik Memorial Open 2018"]
[Site "Minsk"]
[Date "2018.06.21"]
[Round "1"]
[White "Tarasenka, Aliaksandra"]
[Black "Sihite, Chelsie Monica Igne"]
[Result "0-1"]
[ECO "C31"]
[WhiteElo "1682"]
[BlackElo "2236"]
[Annotator "NA"]
[PlyCount "54"]
[EventDate "2018.06.21"]
[EventCountry "BLR"]
[SourceTitle "playchess.com"]
[Source "ChessBase"]
[SourceQuality "1"]
[TimeControl "900+10"]

1. e4 e5 2. f4 d5 3. exd5 Qxd5 4. Nc3 Qe6 5. Nf3 Nc6 6. Bb5 a6 7. Bxc6+ Qxc6 8. fxe5 Bg4 9. O-O O-O-O 10. Ne2 h5 11. d4 Ne7 12. h3 Bf5 13. c3 f6 14. a4 Be4 15. Bf4 Ng6 16. exf6 gxf6 17. Rc1 Rg8 18. Kh1 Bxf3 19. gxf3 Nxf4 20. Nxf4 Bh6 21. Ng2 Bxc1 22. Qxc1 Rg3 23. Qf4 Rdg8 24. Rf2 Qe6 25. Qe4 Qxh3+ 26. Kg1 Rxg2+ 27. Kf1 R2g4+ 0-1

[Event "Kupreichik Memorial Open 2018"]
[Site "Minsk"]
[Date "2018.06.21"]
[Round "1"]
[White "Ivanytska, Liudmyla"]
[Black "Savolainen, Lev P"]
[Result "0-1"]
[ECO "C01"]
[WhiteElo "1655"]
[BlackElo "2163"]
[Annotator "NA"]
[PlyCount "138"]
[EventDate "2018.06.21"]
[EventCountry "BLR"]
[SourceTitle "playchess.com"]
[Source "ChessBase"]
[SourceQuality "1"]
[TimeControl "900+10"]

1. e4 e6 2. d4 d5 3. exd5 exd5 4. Bd3 Nc6 5. c3 Bd6 6. Be3 Nge7 7. Qc2 g6 8. Bg5 O-O 9. Nf3 Bg4 10. Nbd2 Qd7 11. O-O Rfe8 12. h3 Bf5 13. Rae1 Bxd3 14. Qxd3 Nf5 15. Nh4 Nce7 16. Ndf3 c6 17. Nxf5 Nxf5 18. Nh4 Ng7 19. Qf3 Re6 20. Rxe6 Qxe6 21. Bd2 Be7 22. Re1 Qd7 23. g3 Re8 24. Kh2 Bxh4 25. Rxe8+ Qxe8 26. gxh4 h5 27. Kg2 Nf5 28. Bg5 Kg7 29. Kh2 f6 30. Be3 Nxh4 31. Qf4 g5 32. Qc7+ Qf7 33. Qb8 a6 34. Qc8 Kg6 35. f4 Nf5 36. Bd2 Qe7 37. Qg8+ Ng7 38. Kg1 Qe2 39. f5+ Kxf5 40. Qxg7 Qd1+ 41. Kf2 Qxd2+ 42. Kf1 Qc1+ 43. Ke2 Qxb2+ 44. Kd3 Qb1+ 45. Ke3 Qc1+ 46. Kd3 Qf1+ 47. Kd2 Qg2+ 48. Kd1 Ke4 49. c4 Kd3 50. Qg6+ Qe4 51. Qxe4+ Kxe4 52. cxd5 cxd5 53. a4 b5 54. axb5 axb5 55. Kc2 Kxd4 56. Kd2 b4 57. Kc2 Kc4 58. Kd2 b3 59. Kd1 Kc3 60. Kc1 b2+ 61. Kb1 d4 62. h4 gxh4 63. Ka2 Kc2 64. Ka3 b1=Q 65. Ka4 Kc3 66. Ka5 Kc4 67. Ka6 Kc5 68. Ka7 Kc6 69. Ka8 Qb7# 0-1

[Event "Kupreichik Memorial Open 2018"]
[Site "Minsk"]
[Date "2018.06.21"]
[Round "1"]
[White "Kashtelyan, Valentin"]
[Black "Badelka, Olga"]
[Result "0-1"]
[ECO "B40"]
[WhiteElo "1604"]
[BlackElo "2153"]
[Annotator "NA"]
[PlyCount "30"]
[EventDate "2018.06.21"]
[EventCountry "BLR"]
[SourceTitle "playchess.com"]
[Source "ChessBase"]
[SourceQuality "1"]
[TimeControl "900+10"]

1. e4 c5 2. Nf3 e6 3. Bc4 Nc6 4. O-O a6 5. c3 b5 6. Bb3 c4 7. Bc2 Bb7 8. Re1 Nf6 9. d4 cxd3 10. Qxd3 Bc5 11. Be3 Bxe3 12. Rxe3 Ng4 13. Re1 Qf6 14. h3 Nce5 15. Nxe5 Qxf2+ 0-1

[Event "Kupreichik Memorial Open 2018"]
[Site "Minsk"]
[Date "2018.06.21"]
[Round "1"]
[White "Stsepkina, Yauheniya"]
[Black "Maslak, Alexander"]
[Result "0-1"]
[ECO "E81"]
[WhiteElo "1591"]
[BlackElo "2127"]
[Annotator "NA"]
[PlyCount "80"]
[EventDate "2018.06.21"]
[EventCountry "BLR"]
[SourceTitle "playchess.com"]
[Source "ChessBase"]
[SourceQuality "1"]
[TimeControl "900+10"]

1. d4 Nf6 2. c4 g6 3. Nc3 Bg7 4. e4 d6 5. f3 O-O 6. Be3 c6 7. Qd2 Nbd7 8. Bd3 e5 9. d5 cxd5 10. exd5 a6 11. Ne4 Nxe4 12. fxe4 f5 13. Nf3 Nf6 14. Bg5 fxe4 15. Bxf6 Rxf6 16. Bxe4 Rf4 17. Qc2 Qa5+ 18. Nd2 Bh6 19. O-O-O Qxa2 20. Rhf1 Rxf1 21. Rxf1 Qa1+ 22. Qb1 Qa5 23. Qc2 Kg7 24. Rf3 Bd7 25. Qc3 Qa1+ 26. Kc2 Qe1 27. Rf1 Qxd2+ 28. Qxd2 Bxd2 29. Kxd2 Rc8 30. Bd3 a5 31. Ra1 b6 32. Ra3 Kf6 33. b4 axb4 34. Rb3 Ra8 35. Rxb4 Ra2+ 36. Bc2 Bf5 37. Rxb6 Rxc2+ 38. Ke3 Ke7 39. Rb7+ Bd7 40. Kd3 Rxg2 {[%emt 0:00:02] Kd4} 0-1